[Event "Live Chess"]
[Site "Chess.com"]
[Date "2024.06.02"]
[Round "-"]
[White "TheSmoulderingMaster"]
[Black "AlanBstard10"]
[Result "1-0"]
[WhiteElo "1774"]
[BlackElo "1223"]
[TimeControl "300"]
[EndTime "2:56:48 PDT"]
[Termination "TheSmoulderingMaster won by resignation"]

1. e4 c5 2. Nf3 d6 3. d4 cxd4 4. Nxd4 Nf6 5. Nc3 g6 6. Be3 Bg7 7. f3 O-O 8. Qd2 Bd7 9. O-O-O Nc6 10. g4 Nxd4 11. Bxd4 Rc8 12. h4 h6 13. Be2 a6 14.
f4 e5 15. fxe5 dxe5 16. Bxe5 Bxg4 17. Bxf6 Qxd2+ 18. Rxd2 Bxf6 19. Bxg4 Bxc3 20. bxc3 Rxc3 21. h5 Rg3 22. Be2 gxh5 23. Rxh5 Rg1+ 24. Rd1 Rg2 25.
Rxh6 Kg7 26. Bf3 Rf2 27. Rh3 Rc8 28. Rg1+ Kf8 29. Rh8+ Ke7 30. Rxc8 Rxf3 31. Rc4 Ra3 32. Kb2 1-0

[Event "Live Chess"]
[Site "Chess.com"]
[Date "2024.06.02"]
[Round "-"]
[White "KeithArkell"]
[Black "Duke_of_Bebington"]
[Result "1-0"]
[WhiteElo "2417"]
[BlackElo "1637"]
[TimeControl "300"]
[EndTime "2:56:50 PDT"]
[Termination "KeithArkell won by resignation"]

1. d4 Nf6 2. Nf3 d5 3. c4 c6 4. Nc3 dxc4 5. a4 a6 6. a5 Nd5 7. e4 Nxc3 8. bxc3 Bg4 9. Bxc4 e6 10. Qb3 Bxf3 11. gxf3 Qc7 12. e5 Nd7 13. f4 b5 14.
axb6 Nxb6 15. Rxa6 Rxa6 16. Bxa6 Nd5 17. Bd2 Be7 18. O-O O-O 19. Qb7 Rb8 20. Qxc7 Nxc7 21. Bc4 Rb2 22. Rd1 Nd5 23. Bxd5 cxd5 24. Kf1 Kf8 25.
Ke2 Ke8 26. Kd3 Kd7 27. Ra1 Rb7 28. h3 Kc6 29. Ra8 h5 30. Kc2 g6 31. Ra4 Rb5 32.
Ra7 Rb7 33. Ra4 Rb5 34. c4 dxc4 35. Rxc4+ Kd5 36. Rc7 Bb4 37. Bxb4 Rxb4 38. Kc3 Ra4 39. Rxf7 Ke4 40. Rf6 Rxd4 41. Rxg6 Kxf4 42. Kxd4 Kf5 43. Rf6+ 1-0

[Event "Live Chess"]
[Site "Chess.com"]
[Date "2024.06.02"]
[Round "-"]
[White "uselessduffer"]
[Black "AlexanderMatlak"]
[Result "1-0"]
[WhiteElo "2410"]
[BlackElo "2390"]
[TimeControl "300"]
[EndTime "2:56:52 PDT"]
[Termination "uselessduffer won by resignation"]

1. e4 c5 2. Nc3 Nc6 3. Bb5 Nd4 4. Nf3 e6 5. O-O a6 6. Bd3 d6 7. Nxd4 cxd4 8. Ne2 Qb6 9. c3 dxc3 10. bxc3 Nf6 11. Bc2 Be7 12. d4 O-O 13. h3 Qc7 14. Bd3 b5 15. Bd2 Bb7 16. Ng3 Rac8 17. Qe2 Rfe8 18.
f4 Qb8 19. e5 Nd5 20. Rac1 g6 21. f5 exf5 22. Nxf5 gxf5 23. Rxf5 dxe5 24. Qg4+ Kh8 25.
Rxf7 1-0

[Event "Live Chess"]
[Site "Chess.com"]
[Date "2024.06.02"]
[Round "-"]
[White "Frankie_Badacsonyi"]
[Black "juniortay"]
[Result "0-1"]
[WhiteElo "2399"]
[BlackElo "2378"]
[TimeControl "300"]
[EndTime "2:57:12 PDT"]
[Termination "juniortay won by resignation"]

1. d4 d5 2. c4 e6 3. Nf3 c5 4.
cxd5 exd5 5. g3 Nc6 6. Bg2 Nf6 7. O-O c4 8. b3 cxb3 9. Qxb3 Be7 10. Nc3 O-O 11. Bg5 Na5 12. Qc2 Be6 13. Ne5 Rc8 14. Qd3 h6 15. Bxf6 Bxf6 16. Rfc1 a6 17. Na4 Nc4 18.
Nf3 b5 19. Nc5 Rxc5 20. dxc5 Bxa1 21. Rxa1 Qc7 22. Nd4 Qxc5 23. e4 dxe4 24. Qxe4 Re8 25. Nb3 Qc8 26. Qd4 Rd8 27. Qc3 Nd2 28. Qxc8 Bxc8 29.
Rd1 Be6 30. Rxd2 Rxd2 31. Nxd2 Bxa2 32. Bb7 a5 33. Bc6 b4 34. Ba4 Kf8 35. Kf1 Ke7 36.
Ke2 Kd6 37. Kd3 Kc5 38. Ne4+ Kd5 39. Nd2 Kc5 40. f4 f5 41. Nf3 Bb1+ 42. Kd2 Ba2 43. Ne5 Kd4 44. Nc6+ Ke4 45. Ke2 b3 46. Bxb3 Bxb3 47.
Nxa5 Bd5 48. h3 h5 49. h4 Kd4 50. Kf2 Kc5 0-1

[Event "Live Chess"]
[Site "Chess.com"]
[Date "2024.06.02"]
[Round "-"]
[White "ShanthamGrarks"]
[Black "GwaryTek"]
[Result "1-0"]
[WhiteElo "1930"]
[BlackElo "1873"]
[TimeControl "300"]
[EndTime "2:57:48 PDT"]
[Termination "ShanthamGrarks won on time"]

1. d4 d5 2. Nc3 Nf6 3. Bf4 c6 4.
f3 Nh5 5. Bg5 h6 6. Bh4 g5 7. Bf2 Bg7 8. e3 Nf6 9. Bd3 Nbd7 10.
Nge2 e5 11. Qd2 Qb6 12. O-O-O exd4 13. exd4 Nf8 14. Ng3 Be6 15. Rhe1 O-O-O 16. Bf5 N6d7 17. Bxe6 Nxe6 18. Nf5 Bf8 19. Bg3 Nf6 20. h4 Nh5 21. Be5 Rg8 22. g4 Nhf4 23. hxg5 hxg5 24. Bf6 Rd7 25.
Na4 Qb4 26. Qxb4 Bxb4 27. c3 Bf8 28. Nc5 Bxc5 29. dxc5 Nxc5 30. Ne7+ Rxe7 31. Bxe7 Ncd3+ 32. Kd2 Nxe1 33. Rxe1 Ne6 34. Bd6 Kd7 35. Be5 b6 36.
Rh1 Nc5 37. Rh7 Ke6 38. Bd4 Nd7 39. Rh6+ Rg6 40. Rh8 c5 41. Re8+ 1-0

[Event "Live Chess"]
[Site "Chess.com"]
[Date "2024.06.02"]
[Round "-"]
[White "GoldsmanB"]
[Black "DJ_Lambton"]
[Result "0-1"]
[WhiteElo "1102"]
[BlackElo "1782"]
[TimeControl "300"]
[EndTime "2:58:02 PDT"]
[Termination "DJ_Lambton won by resignation"]

1. d3 c6 2. e4 d5 3. exd5 cxd5 4. d4 Nf6 5. Nc3 Bf5 6. Bf4 e6 7. Nf3 a6 8. Bd3 Bxd3 9. Qxd3 Nc6 10. O-O Be7 11. Rfe1 O-O 12. Ne5 Rc8 13. Nxc6 Rxc6 14. Ne2 Qd7 15. c3 Rfc8 16. Bd2 Bd6 17. Nf4 Bc7 18.
Qc2 Bd6 19. Nd3 Qe7 20. Bf4 Ne4 21. Bxd6 Nxd6 22. Ne5 R6c7 23. Re3 Qg5 24. Nf3 Qf6 25. Re5 Ne4 26. Kf1 b5 27. b3 Rxc3 28. Qb2 Rc2 29. Qb1 Rxf2+ 30. Kg1 Rcc2 0-1

[Event "Live Chess"]
[Site "Chess.com"]
[Date "2024.06.02"]
[Round "-"]
[White "WeakOldFinished"]
[Black "JohanKjeldahl"]
[Result "1-0"]
[WhiteElo "2099"]
[BlackElo "1805"]
[TimeControl "300"]
[EndTime "2:58:06 PDT"]
[Termination "WeakOldFinished won by resignation"]

1. e4 c5 2. Nf3 e6 3. d4 cxd4 4. Nxd4 Nc6 5. Nb5 Bc5 6. Be3 Bxe3 7. fxe3 a6 8. Nd6+ Ke7 9. Nc3 Qc7 10. Nxc8+ Rxc8 11. Bd3 Nf6 12. O-O Ne5 13. Qe2 b5 14. Rad1 Rhd8 15. h3 Nxd3 16. cxd3 Qc5 17. Rc1 Qb6 18.
e5 Ng8 19. d4 f5 20. Qh5 Nh6 21. Qg5+ Kf7 22. Ne4 Rg8 23. Nd6+ 1-0

[Event "Live Chess"]
[Site "Chess.com"]
[Date "2024.06.02"]
[Round "-"]
[White "Mikhail_Golubev"]
[Black "oscalik"]
[Result "1-0"]
[WhiteElo "2515"]
[BlackElo "2244"]
[TimeControl "300"]
[EndTime "2:58:12 PDT"]
[Termination "Mikhail_Golubev won by resignation"]

1. e4 e5 2. Nf3 Nc6 3. Bc4 d6 4.
Nc3 Bg4 5. h3 Bh5 6. Nxe5 Nxe5 7. Qxh5 Nxc4 8. Qb5+ c6 9. Qxc4 Nf6 10. d4 Be7 11.
O-O O-O 12. d5 Rc8 13. dxc6 bxc6 14. Be3 Qa5 15. Rad1 Rfd8 16. Qe2 Qb4 17. Bc1 Nd7 18. a3 Qb6 19. Na4 Qa5 20. b3 Ne5 21. Bb2 Ng6 22. f4 Re8 23. Qg4 d5 24. f5 Bc5+ 25. Nxc5 Qxc5+ 26. Bd4 Qxc2 27. fxg6 hxg6 28. Rxf7 Kxf7 29. Qd7+ Re7 30. Rf1+ Kg8 31. Qxe7 1-0

[Event "Live Chess"]
[Site "Chess.com"]
[Date "2024.06.02"]
[Round "-"]
[White "JanMur7"]
[Black "CarmelJane"]
[Result "1-0"]
[WhiteElo "2268"]
[BlackElo "2052"]
[TimeControl "300"]
[EndTime "2:58:21 PDT"]
[Termination "JanMur7 won by resignation"]

1. c4 e5 2. Nc3 Nf6 3. Nf3 Nc6 4. e4 Bb4 5. d3 Bxc3+ 6. bxc3 O-O 7. Be2 h6 8. O-O d6 9. h3 Be6 10. Be3 Nh7 11. d4 Bd7 12. d5 Ne7 13. c5 f5 14.
exf5 Nxf5 15. cxd6 cxd6 16. Rb1 b6 17. Qb3 Nxe3 18.
fxe3 Ng5 19. Qb4 Qc8 20. Nxg5 hxg5 21. Qxd6 Rxf1+ 22. Rxf1 g4 23. Bxg4 Bxg4 24. hxg4 Qxg4 25. Qxe5 Qh4 26. Qe6+ Kh7 27. Rf3 1-0

[Event "Live Chess"]
[Site "Chess.com"]
[Date "2024.06.02"]
[Round "-"]
[White "vincents82"]
[Black "WorcesterYork"]
[Result "0-1"]
[WhiteElo "2002"]
[BlackElo "2477"]
[TimeControl "300"]
[EndTime "2:58:42 PDT"]
[Termination "WorcesterYork won by resignation"]

1. e4 c5 2. Nf3 Nc6 3. d4 cxd4 4. Nxd4 e5 5. Nb5 a6 6. Nd6+ Bxd6 7. Qxd6 Qf6 8. Qxf6 Nxf6 9. Bd3 d5 10. exd5 Nxd5 11.
Nc3 Nxc3 12. bxc3 Be6 13. O-O Rc8 14. Be4 f5 15. Bxc6+ Rxc6 16. Rb1 b5 17. Rb2 Kf7 18. Bd2 Rd8 19. Bg5 Rd5 20. Re1 Rxc3 21. h4 f4 22. h5 Rdc5 23. Re2 Bg4 24. Rd2 Bxh5 25. Rd7+ Kg6 26.
Be7 Rxc2 27. Bxc5 Rxb2 28. Bd6 Kf5 29. Rxg7 Bg6 30. Re7 e4 31. a3 Rd2 32. Bb4 Rd1+ 33. Kh2 Rf1 34. Bc5 Rc1 35. Bb4 Rc2 36. Kg1 Rc6 37. Rd7 e3 38. fxe3 fxe3 39. Re7 Kf4 40. g3+ Kf3 41. Kh2 Rc2+ 42. Kh3 Bf5+ 43. Kh4 h6 0-1

[Event "Live Chess"]
[Site "Chess.com"]
[Date "2024.06.02"]
[Round "-"]
[White "TigerTank70"]
[Black "raimundklein"]
[Result "1-0"]
[WhiteElo "2235"]
[BlackElo "1558"]
[TimeControl "300"]
[EndTime "2:59:02 PDT"]
[Termination "TigerTank70 won by resignation"]

1. e4 c6 2. d4 d5 3. e5 Bf5 4.
Nc3 e6 5. g4 Bg6 6. Nge2 Qh4 7.
Nf4 Bb4 8. Bd2 Ne7 9. a3 Ba5 10. Bg2 Nd7 11. Qe2 h5 12. gxh5 Bxh5 13. Nxh5 Rxh5 14.
O-O-O Nf5 15. Be3 O-O-O 16. b4 Bc7 17. Na4 Kb8 18. Qd2 Qg4 19. Rdg1 Rhh8 20. Bf1 Qh5 21. Be2 Qh7 22. Bd3 f6 23. exf6 gxf6 24. h4 Qe7 25. Bxf5 exf5 26. Bf4 Qe4 27. Bxc7+ Kxc7 28. h5 f4 29. Re1 Qf5 30. Re7 Rh6 31. Nc5 b6 32. Ne6+ Kd6 33. Ng7 Qg4 34. Rhe1 Rg8 35. f3 Qg3 36. Nf5+ 1-0

[Event "Live Chess"]
[Site "Chess.com"]
[Date "2024.06.02"]
[Round "-"]
[White "Zhevzh1k7"]
[Black "NottheBishopSacrifice"]
[Result "0-1"]
[WhiteElo "1107"]
[BlackElo "2312"]
[TimeControl "300"]
[EndTime "2:59:37 PDT"]
[Termination "NottheBishopSacrifice won by resignation"]

1. e4 c6 2. d4 d5 3. f3 Qb6 4. Nc3 dxe4 5. fxe4 e5 6. Nf3 exd4 7. Nxd4 Be7 8. Bd3 Qxd4 9. Bf4 Nf6 10. Qd2 Nbd7 11. O-O-O Ne5 12. Bxe5 Qxe5 13. Be2 Be6 14. Bf3 O-O 15.
h4 Bb4 16. a3 Bxc3 17. bxc3 Qc5 18. Kb2 Qc4 19. Ra1 Nd7 20. h5 h6 21. g4 Nc5 22. g5 Na4+ 23. Kc1 Qxc3 24. Qxc3 Nxc3 25. gxh6 gxh6 26. Rg1+ Kh8 27. e5 Rad8 28. Be2 Nxe2+ 0-1

[Event "Live Chess"]
[Site "Chess.com"]
[Date "2024.06.02"]
[Round "-"]
[White "GwaryTek"]
[Black "juniortay"]
[Result "0-1"]
[WhiteElo "1872"]
[BlackElo "2379"]
[TimeControl "300"]
[EndTime "2:59:37 PDT"]
[Termination "juniortay won by resignation"]

1. d4 d5 2. c4 e6 3. cxd5 exd5 4. Nc3 c5 5. Nf3 Nc6 6. g3 Nf6 7. Bg2 cxd4 8. O-O dxc3 9. Nd4 Nxd4 10. Qa4+ Nc6 11. Qxc6+ bxc6 0-1

[Event "Live Chess"]
[Site "Chess.com"]
[Date "2024.06.02"]
[Round "-"]
[White "blunderabit"]
[Black "MagnersCarlsberg2870"]
[Result "1-0"]
[WhiteElo "1757"]
[BlackElo "1791"]
[TimeControl "300"]
[EndTime "2:59:46 PDT"]
[Termination "blunderabit won by resignation"]

1. e4 d6 2. d4 Nf6 3. Nc3 Nbd7 4. g3 e5 5. Nge2 c6 6. Bg2 Be7 7. a4 Qc7 8. O-O h5 9. h3 Nf8 10. a5 a6 11. Be3 Ng6 12. Qd2 h4 13. g4 Bxg4 14.
hxg4 Nxg4 15. Bh3 Nxe3 16. Qxe3 Nf4 17. Nxf4 exf4 18. Qxf4 g5 19. Qg4 Bf6 1-0

[Event "Live Chess"]
[Site "Chess.com"]
[Date "2024.06.02"]
[Round "-"]
[White "AlanBstard10"]
[Black "AlexanderMatlak"]
[Result "0-1"]
[WhiteElo "1223"]
[BlackElo "2390"]
[TimeControl "300"]
[EndTime "2:59:59 PDT"]
[Termination "AlexanderMatlak won by resignation"]

1. b4 c6 2. Bb2 a5 3. a3 axb4 4. axb4 Rxa1 5. Bxa1 Qb6 6. c3 Nf6 7. Nf3 d5 8. e3 Bg4 9. Be2 Nbd7 10. Nd4 Bxe2 11.
Qxe2 e5 12. Nf5 g6 13. Ng3 Bg7 14. Bb2 h5 15. d4 h4 16. Nf1 h3 17. g3 O-O 18.
Nbd2 Ra8 19. f4 exf4 20. exf4 Re8 21. Ne3 Qa7 22. Kf2 Qa2 23. Rb1 Ne4+ 24. Nxe4 Qxb1 25. Nd6 Re6 26. Nxb7 Qh1 27. Ng4 Rxe2+ 28. Kxe2 Qg2+ 29. Kd3 0-1

[Event "Live Chess"]
[Site "Chess.com"]
[Date "2024.06.02"]
[Round "-"]
[White "EnnisZ"]
[Black "Purple1szed"]
[Result "1-0"]
[WhiteElo "877"]
[BlackElo "2071"]
[TimeControl "300"]
[EndTime "3:00:07 PDT"]
[Termination "EnnisZ won by resignation"]

1. e4 e5 2. Nf3 Nc6 3. d4 exd4 4. Bc4 Bc5 5. c3 Nf6 6. cxd4 Bb4+ 7. Nc3 Nxe4 8. O-O Nxc3 9. bxc3 Bxc3 10. Qb3 O-O 11. Qxc3 d5 12. Bd3 Bg4 13. Ne5 Nxe5 14. dxe5 d4 15.
Qb4 Re8 16. h3 Bc8 17. Bb2 Rxe5 18. Bxd4 Rd5 19. Rad1 Rxd4 20. Bxh7+ Kxh7 21. Rxd4 Qf6 22. Rfd1 Be6 23. Qxb7 Re8 24. Qxc7 a6 25. a4 Bb3 26. R1d2 Re1+ 27. Kh2 g6 28. Qf4 Qe7 29. Qh4+ Qxh4 30.
Rxh4+ Kg7 31. Rd6 Re2 32. f3 a5 33. Rb6 Bd5 34. Kg3 Be6 35. Rb5 Ra2 36. Rxa5 Ra3 37. Rc5 Ra2 38. a5 f6 39. Rc7+ Kg8 40. Rb4 1-0

[Event "Live Chess"]
[Site "Chess.com"]
[Date "2024.06.02"]
[Round "-"]
[White "StoreySniper"]
[Black "Ferrarifan27"]
[Result "1-0"]
[WhiteElo "2524"]
[BlackElo "2138"]
[TimeControl "300"]
[EndTime "3:00:16 PDT"]
[Termination "StoreySniper won by checkmate"]

1. e4 e5 2. Nc3 Nc6 3. g3 Nf6 4. Bg2 Bc5 5. d3 O-O 6. h3 d6 7. Nge2 Be6 8. O-O d5 9. Kh2 dxe4 10. Nxe4 Nxe4 11. Bxe4 Bd5 12. Nc3 Bxe4 13. Nxe4 Bb6 14. Be3 Qe7 15. Bxb6 axb6 16. Qd2 Rad8 17. Qc3 f5 18.
Nd2 e4 19. Rae1 Qf7 20. dxe4 Qxa2 21. exf5 Rxf5 22. Nb3 Qa4 23. Re2 Rdf8 24. f4 Qb5 25. Rfe1 R5f7 26. h4 Qh5 27. Nd2 Rd7 28. Nf3 Rfd8 29. Ng5 h6 30. Qb3+ Kh8 31. Qf3 Qxf3 32. Nxf3 Kh7 33. h5 Rd5 34. g4 Nd4 35. Nxd4 Rxd4 36.
Kg3 Rd2 37. f5 Rxe2 38. Rxe2 Kg8 39. Re7 Rd2 40. Rxc7 b5 41. b4 Rd4 42. c3 Rd3+ 43. Kf4 Kf8 44. f6 gxf6 45. Kf5 Rf3+ 46. Kg6 Rf4 47.
Rxb7 Rxg4+ 48. Kxf6 Rf4+ 49. Kg6 Rc4 50. Kxh6 Rxc3 51.
Rxb5 Kf7 52. Rf5+ Ke6 53. Rf4 Rg3 54. Kh7 Ke5 55. Rf8 Rb3 56. Rb8 Kf6 57. h6 Kf7 58. b5 Rg3 59. b6 Rb3 60. b7 Rb1 61. Rg8 Kf6 62. b8=Q Rxb8 63. Rxb8 Ke5 64. Kg6 Ke4 65.
h7 Ke3 66. h8=Q Kd2 67. Qd4+ Kc2 68. Rb2+ Kc1 69. Qd2# 1-0

[Event "Live Chess"]
[Site "Chess.com"]
[Date "2024.06.02"]
[Round "-"]
[White "Crowded_House"]
[Black "slava_ukr"]
[Result "0-1"]
[WhiteElo "1666"]
[BlackElo "2415"]
[TimeControl "300"]
[EndTime "3:00:21 PDT"]
[Termination "slava_ukr won by resignation"]

1. d4 d5 2. Bg5 Nf6 3. e3 Ne4 4. Bh4 c5 5. dxc5 Qa5+ 6. c3 Qxc5 7. Qd4 Qxd4 8. exd4 Nc6 9. Bd3 Bf5 10. Bxe4 Bxe4 11.
f3 Bg6 12. Ne2 e6 13. Nf4 Bd6 14. Nxg6 hxg6 15. Bg5 Bxh2 16. Nd2 f6 17. Be3 Kf7 18. Ke2 Bg3 19. Bf2 Bxf2 20. Kxf2 g5 21. Nb3 b6 22. a3 Rh4 23. Rxh4 gxh4 24. Rh1 g5 25. g3 Rh8 26. gxh4 Rxh4 27. Rxh4 gxh4 28. Kg2 Kg6 29. Kh3 Kg5 30. Nc1 Kf4 31. Kxh4 Kxf3 32. Nd3 Ke3 33. Ne1 Kd2 34. Nf3+ Kc2 35. Kh5 Kxb2 36. Kg6 Kxc3 37. Kxf6 Nxd4 38. Ne5 Kb3 39. Nd7 Kxa3 40. Ke5 Nb3 41. Kxe6 Nc5+ 42. Nxc5 bxc5 43. Kxd5 Kb4 44. Ke4 a5 45. Kd3 Kb3 46. Kd2 c4 47. Kc1 Kc3 48. Kb1 Kd2 49. Ka2 c3 50. Ka3 c2 0-1

[Event "Live Chess"]
[Site "Chess.com"]
[Date "2024.06.02"]
[Round "-"]
[White "ameetghasi100"]
[Black "elis06"]
[Result "0-1"]
[WhiteElo "2772"]
[BlackElo "2291"]
[TimeControl "300"]
[EndTime "3:00:24 PDT"]
[Termination "elis06 won by checkmate"]

1. d3 d5 2. c3 Nf6 3. Nf3 c5 4. e4 dxe4 5. Ne5 Nbd7 6. Nc4 exd3 7. Bxd3 e6 8. Nbd2 Be7 9. g4 b5 10. Ne3 Bb7 11. Rg1 a6 12. g5 Nd5 13. Ne4 Ne5 14. Bc2 Nxe3 15. Bxe3 Qxd1+ 16. Kxd1 O-O-O+ 17. Ke2 c4 18. Bd4 f6 19. Bxe5 fxe5 20. a4 Kc7 21. axb5 axb5 22.
h4 Rhf8 23. f3 g6 24. Rg4 Ra8 25. Rxa8 Rxa8 26. Rg1 Ra2 27. Rb1 Bxe4 28. Bxe4 b4 29. cxb4 c3 30. Kd1 Rxb2 31. Ra1 Bxb4 32. Ra7+ Kd6 33.
Bc2 Bc5 34. Rxh7 Ra2 35. h5 Ra1+ 36. Ke2 gxh5 37. g6 Rg1 38. g7 Bd4 39. Bb3 e4 40.
fxe4 Rxg7 41. Rxh5 e5 42. Kd3 Rg3+ 43. Kc4 c2 44.
Bxc2 Rc3+ 45. Kb4 Rxc2 46. Rh6+ Ke7 47. Rh4 Kf6 48. Rh5 Re2 49. Kc4 Rxe4 50. Kd5 Re1 51. Rh4 Kf5 52. Rh5+ Kf4 53. Rh4+ Ke3 54. Rh3+ Kd2 55. Rh2+ Re2 56. Rh3 Bc3 57. Rh4 Kd3 58.
Rh1 e4 59. Rd1+ Bd2 60. Ra1 e3 61. Ra3+ Kc2 62. Ra2+ Kb3 63. Ra8 Rg2 64. Rb8+ Kc3 65.
Ke4 Rg4+ 66. Kf3 Rg7 67. Rc8+ Kd3 68. Rd8+ Kc2 69. Rc8+ Kd1 70. Rf8 e2 71. Ra8 e1=Q 72. Ra1+ Bc1 73. Rxc1+ Kxc1 74. Kf4 Rf7+ 75. Kg5 Qg1+ 76.
Kh6 Rf2 77. Kh5 Rh2# 0-1

[Event "Live Chess"]
[Site "Chess.com"]
[Date "2024.06.02"]
[Round "-"]
[White "LL220284LL"]
[Black "Queensandpawns"]
[Result "1-0"]
[WhiteElo "2510"]
[BlackElo "2261"]
[TimeControl "300"]
[EndTime "3:00:26 PDT"]
[Termination "LL220284LL won by checkmate"]

1. Nf3 g5 2. Nxg5 e5 3. d3 Bc5 4. Nc3 d5 5. e4 c6 6. exd5 cxd5 7. Qf3 Nf6 8. h3 Nc6 9. Be3 d4 10. Nce4 Be7 11. Bd2 h6 12. Nxf6+ Bxf6 13. Ne4 Be7 14.
g4 Be6 15. Bg2 Qd7 16. Ng3 O-O-O 17. a3 Rdf8 18. Nf5 h5 19. Nxe7+ Nxe7 20. Qe2 hxg4 21.
hxg4 Bxg4 22. f3 Rxh1+ 23. Bxh1 Bf5 24. Qxe5 Nc6 25. Qf4 Re8+ 26. Kf2 Bg6 27. Re1 Rxe1 28. Bxe1 Qh3 29. Bg2 Qe6 30. Bd2 b6 31. Qg5 Kb7 32.
f4 Ka6 33. f5 Bxf5 34. Bxc6 Qxc6 35. Qxf5 Qxc2 36. Ke2 Qxb2 37. Qc8+ Kb5 38. Qc4# 1-0

[Event "Live Chess"]
[Site "Chess.com"]
[Date "2024.06.02"]
[Round "-"]
[White "vincents82"]
[Black "TigerTank70"]
[Result "1-0"]
[WhiteElo "2015"]
[BlackElo "2222"]
[TimeControl "300"]
[EndTime "3:00:44 PDT"]
[Termination "vincents82 won by resignation"]

1. e4 e5 2. Nf3 Nc6 3. Bb5 a6 4. Ba4 Nf6 5. d3 b5 6. Bb3 Be7 7. Nc3 O-O 8. a3 d6 9. Nd5 Nxd5 10. Bxd5 Bb7 11. O-O Na5 12. Bxb7 Nxb7 13. Be3 Qd7 14. d4 exd4 15. Nxd4 Nc5 16. Nf5 Bf6 17.
Bxc5 Bxb2 18. Rb1 1-0

[Event "Live Chess"]
[Site "Chess.com"]
[Date "2024.06.02"]
[Round "-"]
[White "MagnersCarlsberg2870"]
[Black "RichardABates"]
[Result "0-1"]
[WhiteElo "1790"]
[BlackElo "2346"]
[TimeControl "300"]
[EndTime "3:00:56 PDT"]
[Termination "RichardABates won by resignation"]

1. d4 Nf6 2. Nf3 g6 3. Nc3 d5 4. Bg5 Bg7 5. Qd2 Ne4 6. Nxe4 dxe4 7. Ng1 Qxd4 8. Qxd4 Bxd4 9. c3 Bf6 10. O-O-O Bxg5+ 11. f4 exf3+ 12. Kb1 0-1

[Event "Live Chess"]
[Site "Chess.com"]
[Date "2024.06.02"]
[Round "-"]
[White "Vladyslav2008"]
[Black "NeilDruggan73"]
[Result "1-0"]
[WhiteElo "2269"]
[BlackElo "1695"]
[TimeControl "300"]
[EndTime "3:01:03 PDT"]
[Termination "Vladyslav2008 won by resignation"]

1. d4 Nf6 2. Nf3 g6 3. c4 Bg7 4. Nc3 O-O 5. e4 d6 6. Be2 Nbd7 7. O-O e5 8. d5 Nh5 9. Ne1 Nf4 10. Nd3 Nxe2+ 11.
Qxe2 b6 12. b4 f5 13. c5 bxc5 14. bxc5 Ba6 15. Ba3 dxc5 16. Qd2 Qf6 17. f3 h5 18. Rf2 Kh7 19. Nxc5 Nxc5 20. Bxc5 Rf7 21. Rd1 Bh6 22. Be3 Bxe3 23. Qxe3 f4 24. Qc5 Rg8 25. d6 Rd7 26.
Rfd2 Rgd8 27. Nd5 Qxd6 28. Nf6+ Qxf6 29. Rxd7+ Rxd7 30. Rxd7+ Kh6 31. Qxc7 Kg5 32. Rd6 Qf8 33. Rd5 Qb4 34. Qd8+ Kh6 35. Qh8+ Kg5 36. Rxe5+ Kh4 37. Qd8+ 1-0

[Event "Live Chess"]
[Site "Chess.com"]
[Date "2024.06.02"]
[Round "-"]
[White "Purple1szed"]
[Black "AlanBstard10"]
[Result "1-0"]
[WhiteElo "2071"]
[BlackElo "1223"]
[TimeControl "300"]
[EndTime "3:01:21 PDT"]
[Termination "Purple1szed won by checkmate"]

1. e4 Nc6 2. d4 e6 3. Nf3 g6 4. Nc3 Bg7 5. Be3 Nge7 6. Qd2 O-O 7. O-O-O f6 8. h4 h5 9. Bh6 Bxh6 10. Qxh6 Rf7 11.
d5 exd5 12. Nxd5 Rh7 13. Nxf6+ Kf7 14. Nxh7 Nb4 15. Nfg5+ Ke8 16. Qf8# 1-0

[Event "Live Chess"]
[Site "Chess.com"]
[Date "2024.06.02"]
[Round "-"]
[White "PatientChessPapa"]
[Black "dmitro74"]
[Result "0-1"]
[WhiteElo "797"]
[BlackElo "1738"]
[TimeControl "300"]
[EndTime "3:01:26 PDT"]
[Termination "dmitro74 won on time"]

1. e4 e6 2. d4 d5 3. exd5 exd5 4.
c4 c6 5. Nc3 Nf6 6. Nf3 Bd6 7.
Be2 O-O 8. O-O Bf5 9. Bg5 Nbd7 10. Re1 Qc7 11. c5 Bf4 12. Bxf4 Qxf4 13. h3 Ne4 14. Bd3 Ndf6 15. Bxe4 Nxe4 16. Nxe4 Bxe4 17. Rc1 Bxf3 18. Qxf3 Qxd4 19. b3 Rfe8 20. Red1 Qe4 21. Re1 Qxf3 22. gxf3 Kf8 23. Kg2 Rxe1 24. Rxe1 Re8 25.
Rxe8+ Kxe8 26. f4 f5 27. Kf3 Ke7 28. Ke3 Ke6 29. Kd4 h6 0-1

[Event "Live Chess"]
[Site "Chess.com"]
[Date "2024.06.02"]
[Round "-"]
[White "raclement"]
[Black "resipsa6"]
[Result "0-1"]
[WhiteElo "1730"]
[BlackElo "2030"]
[TimeControl "300"]
[EndTime "3:01:31 PDT"]
[Termination "resipsa6 won by resignation"]

1. Nf3 Nf6 2. g3 g6 3. Bg2 Bg7 4. d3 d5 5. c4 dxc4 6. Qa4+ Bd7 7. Qxc4 Bc6 8. O-O O-O 9. Bf4 b6 10. Nbd2 Nd5 11. Ne5 Nxf4 12. Nxc6 Nxe2+ 13. Kh1 Nxc6 14.
Qxc6 Qxd3 15. Rad1 Rad8 16. Qe4 Qxe4 17. Nxe4 Bxb2 18.
Rd2 Rxd2 19. Nxd2 Rd8 20. Nc4 Bg7 21. Bf3 Nc3 22. a3 e5 23. Kg2 e4 24. Bg4 f5 25. Bh3 Rd1 26. g4 Rxf1 27. Kxf1 f4 28. g5 Bf8 29. Be6+ Kg7 30. h4 b5 31. Ne5 Bxa3 32. Bd7 b4 33. Be6 a5 34. Ng4 a4 35.
Ne5 b3 36. Nc4 Bd6 37. Nb2 a3 38.
Nc4 b2 39. Nxd6 b1=Q+ 0-1

[Event "Live Chess"]
[Site "Chess.com"]
[Date "2024.06.02"]
[Round "-"]
[White "Delacorta"]
[Black "halfberg"]
[Result "0-1"]
[WhiteElo "1520"]
[BlackElo "1897"]
[TimeControl "300"]
[EndTime "3:01:36 PDT"]
[Termination "halfberg won on time"]

1. d4 Nf6 2. Nf3 g6 3. c4 Bg7 4.
Nc3 O-O 5. h4 h6 6. e4 d6 7. Be3 Bg4 8. Be2 Nbd7 9. Qd2 h5 10.
Bh6 e5 11. Bxg7 Kxg7 12. d5 Nc5 13. Qc2 a5 14. O-O c6 15. Rab1 cxd5 16. cxd5 Rc8 17. Qd1 Ncxe4 18. Ng5 Bxe2 19. Qxe2 Nxc3 20. bxc3 Nxd5 21.
Qf3 Nxc3 22. Rxb7 Qf6 23. Qxf6+ Kxf6 24. Nh7+ Kg7 25. Nxf8 Kxf8 26. Kh2 d5 27. Re1 Re8 28. Rc1 d4 29. Rd7 Kg7 30. Rc2 Kf6 31. Rb2 Re7 32.
Rb6+ Re6 33. Rdd6 Rxd6 34. Rxd6+ Ke7 35. Rc6 Ne4 36. f3 Nc3 37. Kg3 Nxa2 0-1

[Event "Live Chess"]
[Site "Chess.com"]
[Date "2024.06.02"]
[Round "-"]
[White "silunn"]
[Black "bill77678"]
[Result "1-0"]
[WhiteElo "2176"]
[BlackElo "1843"]
[TimeControl "300"]
[EndTime "3:01:36 PDT"]
[Termination "silunn won by resignation"]

1. e4 c6 2. d4 d5 3. exd5 cxd5 4. c4 Nf6 5. Nc3 Nc6 6. Be3 a6 7. c5 Bf5 8. Bd3 Bxd3 9. Qxd3 e6 10. a3 Be7 11.
Nf3 O-O 12. O-O a5 13. Rab1 b6 14. Qb5 Na7 15. Qxb6 Qxb6 16. cxb6 Nc6 17. Na4 Rfb8 18. Rfc1 Nd8 19. Bf4 Rb7 20. Rc7 Ne8 21. Rxb7 Nxb7 22. Rc1 Bd6 23. Bxd6 Nexd6 24. Ne5 Rc8 25. Rc7 Kf8 26.
Nc5 Rxc7 27. bxc7 Nxc5 28. dxc5 Nc8 29. Nd7+ 1-0

[Event "Live Chess"]
[Site "Chess.com"]
[Date "2024.06.02"]
[Round "-"]
[White "Queensandpawns"]
[Black "vincents82"]
[Result "1-0"]
[WhiteElo "2264"]
[BlackElo "2012"]
[TimeControl "300"]
[EndTime "3:01:53 PDT"]
[Termination "Queensandpawns won by resignation"]

1. e4 d5 2. Nc3 dxe4 3. Nxe4 Nd7 4. Nf3 Ngf6 5. Neg5 e6 6. d4 Be7 7. Nxf7 Kxf7 8.
Ng5+ Kg8 9. Nxe6 Qe8 10. Bc4 Nb6 11. Nxc7+ 1-0

[Event "Live Chess"]
[Site "Chess.com"]
[Date "2024.06.02"]
[Round "-"]
[White "DJ_Lambton"]
[Black "WeakOldFinished"]
[Result "0-1"]
[WhiteElo "1779"]
[BlackElo "2106"]
[TimeControl "300"]
[EndTime "3:01:55 PDT"]
[Termination "WeakOldFinished won by resignation"]

1. c4 g6 2. g3 Bg7 3. Bg2 Nf6 4. Nc3 O-O 5. e3 d6 6. Nge2 e5 7. O-O c6 8. b3 Re8 9. Bb2 d5 10. cxd5 cxd5 11. d4 e4 12. Nf4 Nc6 13. Rc1 g5 14.
Nfe2 Nb4 15. a3 Nd3 16. Rb1 Bf5 17. Nc1 Nxb2 18. Rxb2 Rc8 19. N1e2 Qd7 20. Qd2 Bh3 21. Rc1 Bxg2 22. Kxg2 Qg4 23. Ng1 h5 24. Qe2 Qf5 25. Rbc2 g4 26. Qb5 b6 27. Nxd5 Qxd5 28. Qxd5 Rxc2 29.
Qxf7+ Kxf7 30. Rxc2 Nd5 31. Ne2 Bh6 32. Nc3 Rc8 0-1